 Dungeon Crawl Stone Soup version 0.30-a0-534-gdc55766716 (webtiles) character file.

Game seed: 6364360692668327817

79609 freelancePsychic the Fighter (level 15, -6/127 HPs)
             Began as a Barachi Reaver on Dec 24, 2022.
             Was a High Priest of Vehumet.
             Constricted to death by Jorgrun (20 damage)
             ... on level 14 of the Dungeon on Dec 25, 2022.
             The game lasted 01:15:53 (24911 turns).

freelancePsychic the Fighter (Barachi Reaver)      Turns: 24911, Time: 01:15:54

Health: -6/127     AC: 22    Str: 21    XL:     15   Next: 64%
Magic:  27/27      EV: 12    Int: 23    God:    Vehumet [*****.]
Gold:   1583       SH:  6    Dex: 11    Spells: 7/30 levels left

rFire   + + .      SeeInvis +    b - staff of fire
rCold   . . .      Faith    .    r - +0 buckler
rNeg    . . .      Spirit   .    i - +0 acid dragon scales
rPois   .          Reflect  .    D - +0 helmet
rElec   .          Harm     .    J - +1 cloak of the Trilobite {Rampage Str+4 Slay+3}
rCorr   +          Rampage  +    A - +1 pair of gloves of Unambiguity {Str+3 Int+3}
Will    +....                    u - +2 pair of boots
Stlth   ++                       g - amulet of magic regeneration
HPRegen 0.41/turn                c - +4 ring of protection
MPRegen 0.60/turn                n - ring of protection from fire

@: silenced, grasped by roots, unable to hop, on berserk cooldown, slowed,
constricted, very slow
A: amphibious, slowness 1, strong legs 2, +LOS, see invisible, noise suppression
a: Hop, Renounce Religion


You were on level 14 of the Dungeon.
You worshipped Vehumet.
Vehumet was extremely pleased with you.
You visited 4 branches of the dungeon, and saw 22 of its levels.
You also visited: Ice Cave and Volcano.

You collected 2185 gold pieces.
You spent 602 gold pieces at shops.

Inventory:

Hand Weapons
 a - the +11 dagger "Esuratot" {holy, rF+ rCorr Int+4 Dex+3}
   (You acquired it in an ice cave)

   It has been blessed by the Shining One to cause great damage to the undead
   and demons.
   Int:       It affects your intelligence (+4).
   Dex:       It affects your dexterity (+3).
   rF:        It protects you from fire.
   rCorr:     It protects you from acid and corrosion.
Armour
 i - +0 acid dragon scales (worn)
 r - a +0 buckler (worn)
 u - a +2 pair of boots (worn)
 A - the +1 pair of gloves of Unambiguity (worn) {Str+3 Int+3}
   (You found it in a volcano)

   Str:       It affects your strength (+3).
   Int:       It affects your intelligence (+3).
 D - a +0 helmet (worn)
 J - the +1 cloak of the Trilobite (worn) {Rampage Str+4 Slay+3}
   (You bought it in a shop on level 5 of the Dungeon)

   Str:       It affects your strength (+4).
   Slay:      It affects your accuracy & damage with ranged weapons and melee
   (+3).
   Rampage:   It bestows one free step when moving towards enemies.
 V - a +3 leather armour of fire resistance
Magical Staves
 b - a staff of fire (weapon)
 h - a staff of conjuration
Jewellery
 c - a +4 ring of protection (left hand)
 g - an amulet of magic regeneration (around neck)
 m - a ring of willpower
 n - a ring of protection from fire (right hand)
 q - a ring of fire
 t - an amulet of reflection
 y - a ring of resist corrosion
 N - the macabre finger necklace {rN+}
   (You found it in an ice cave)

   [amulet of nothing]

   It enables you to equip an extra ring.
   rN:        It protects you from negative energy.
 Q - an amulet of regeneration
 R - a ring of flight
Wands
 p - a wand of digging (8)
 G - a wand of paralysis (24)
 K - a wand of iceblast (20)
 M - a wand of flame (45)
Scrolls
 f - 2 scrolls of enchant armour
 w - 6 scrolls of teleportation {@r4}
 x - 2 scrolls of identify {@r1}
 z - a scroll of vulnerability
 B - 3 scrolls of blinking
 F - 4 scrolls of amnesia
 H - 6 scrolls of enchant weapon
 I - 2 scrolls of torment
 L - a scroll of poison
 O - 3 scrolls of magic mapping
 U - 4 scrolls of brand weapon
Potions
 d - 5 potions of brilliance
 e - 6 potions of mutation
 j - 2 potions of flight
 k - 3 potions of lignification
 l - a potion of might
 v - 3 potions of curing {@q1}
 C - 4 potions of ambrosia {unknown}
 P - 2 potions of attraction
 S - 2 potions of haste {@q3}
 W - 2 potions of invisibility
 X - 2 potions of cancellation {unknown}
 Z - a potion of resistance
Miscellaneous
 T - a tin of tremorstones (1/2)


   Skills:
 + Level 14.5 Fighting
 - Level 3.0 Polearms
 - Level 10.1 Armour
 - Level 10.6 Dodging
 - Level 6.0 Stealth
 - Level 9.9 Shields
 - Level 8.0 Spellcasting
 + Level 13.3 Conjurations
 - Level 2.9 Translocations
 + Level 12.6 Fire Magic
 - Level 3.0 Earth Magic


You had 7 spell levels left.
You knew the following spells:

 Your Spells              Type           Power      Damage    Failure   Level
a - Iron Shot             Conj/Erth      23%        9d5       14%         6
b - Iskenderun's Mystic   Conj/Tloc      46%        2d10      1%          4
c - Kiss of Death         Conj/Necr      100%       2d13      1%          1
d - Fireball              Conj/Fire      40%        3d16      1%          5
e - Starburst             Conj/Fire      40%        6d11      2%          6
g - Foxfire               Conj/Fire      100%       2x1d9     1%          1

Your spell library contained the following spells:

 Spells                   Type           Power      Damage    Failure   Level
 Iskenderun's Battlesphe  Conj           63%        2d11      1%          5
 Momentum Strike          Conj/Tloc      92%        3d10      1%          2
 Scorch                   Fire           100%       2d10      1%          2
 Dazzling Flash           Conj/Hex       78%        N/A       1%          3
 Hailstorm                Conj/Ice       39%        3d9       1%          3
 Mephitic Cloud           Conj/Pois/Air  29%        N/A       1%          3
 Stone Arrow              Conj/Erth      94%        3d12      1%          3
 Flame Wave               Conj/Fire      80%        2d17      1%          4
 Poisonous Vapours        Pois/Air       18%        N/A       4%          2
 Slow                     Hex            36%        N/A       10%         1
 Cigotuvi's Dreadful Rot  Necr/Pois/Air  18%        N/A       16%         2
 Sublimation of Blood     Necr           9%         N/A       16%         2
 Wereblood                Tmut           9%         N/A       16%         2
 Confusing Touch          Hex            9%         N/A       30%         3
 Vampiric Draining        Necr           9%         2d6       30%         3
 Animate Armour           Summ/Erth      32%        N/A       47%         4
 Cause Fear               Hex            4%         N/A       69%         4
 Summon Ice Beast         Ice/Summ       9%         N/A       69%         4
 Summon Forest            Summ/Tloc      7%         N/A       83%         5
 Agony                    Necr           9%         N/A       95%         5
 Silence                  Hex/Air        4%         N/A       95%         5
 Summon Mana Viper        Hex/Summ       9%         N/A       95%         5
 Summon Cactus Giant      Summ           4%         N/A       100%        6
 Dragon Form              Tmut           4%         N/A       100%        7
 Monstrous Menagerie      Summ           4%         N/A       100%        7
 Summon Hydra             Summ           4%         N/A       100%        7
 Lehudib's Crystal Spear  Conj/Erth      23%        10d7      99%         8
 Dragon's Call            Summ           4%         N/A       100%        9


Dungeon Overview and Level Annotations

Branches:
Dungeon (14/15)            Temple (1/1) D:5            Lair (5/5) D:9
 Shoals (0/4) Lair:3       Spider (0/4) Lair:3        Slime (0/5) Lair:5
    Orc (2/2) D:12            Elf (0/3) Orc:2        Vaults (0/5) D:13
  IceCv (visited)         Volcano (visited)

Altars:
Ashenzari
Cheibriados
Dithmenos
Elyvilon
Fedhas
Gozag
Hepliaklqana
Kikubaaqudgha
Makhleb
Nemelex Xobeh
Okawaru
Qazlal
Ru
Sif Muna
Trog
Uskayaw
Vehumet
Wu Jian
Xom
Yredelemnul
Zin
The Shining One

Shops:
D:5 [   D:6 (   Orc:2 =(=*

Portals:
Trove: D:10 (give +6 demon whip)

Annotations:
D:6 1 runed translucent door, Crazy Yiuf
D:9 exclusion: 2 doors
D:13 exclusion: electric eel, Erolcha
D:14 Jorgrun, Louise, Snorg
Lair:4 1 runed translucent door


Innate Abilities, Weirdness & Mutations

You are amphibious.
You cover ground slowly.
You can hop long distances.
You have an extended range of vision and can be seen from far away.
You have supernaturally acute eyesight. (SInv)
You passively dampen the noise of your surroundings.


Message History

You closely miss Jorgrun.
Jorgrun is severely wounded.
Jorgrun misses you. The yak misses you.
You are too berserk!
Okay, then.
You completely miss Jorgrun.
Jorgrun is heavily wounded.
Jorgrun hits you but does no damage. You block the yak's attack.
You hit Jorgrun!
Jorgrun is severely wounded.
You hit Jorgrun.
Jorgrun is severely wounded.
Jorgrun hits you but does no damage. The yak barely misses you.
You hit Jorgrun!
Jorgrun is severely wounded.
Jorgrun hits you with a +0 vorpal quarterstaff.
* * * LOW HITPOINT WARNING * * *
x2 The yak gores you.
* * * LOW HITPOINT WARNING * * *
You hit Jorgrun!
Jorgrun is almost dead.
You are no longer berserk.
You are exhausted.
You feel yourself slow down. Jorgrun misses you. The yak misses you.
Hop to where?
Press: ? - help, Dir - move target Boing!
Unknown command.
Okay, then.
Level annotation: Jorgrun, Louise, Snorg Welcome back, freelancePsychic the Barachi Reaver.
Vehumet says: Let it end in hellfire!
Press ? for a list of commands and other information.
You feel better. Jorgrun gestures at you while chanting.
Roots burst forth from the earth!
The grasping roots grab you! The grasping roots constrict you!!
You die...

##.## #.. .. ...
#...# #.. .##..
....# #..# .... .
#...# #..# #..#
... #.## #..##
#..# $... #.#
#...###..###....^
##.##
#.#..........#
.^.[#
#)#[.gY°..[..#
#...#
#)@.###..###.....
....# #..## #..#
#. #...#
########.## #..#
#...# #........#
....
....####.#.####..#
..##..
...(.....#.#
#$..... ...
#.#.######÷#
##.#.## .### #.#.#
#.# ....# .# #.#[#
#.# ###.# #


You could see Jorgrun and a yak.

Vanquished Creatures
  Azrael (Orc:2)
  An ettin (Orc:2)
  4 vault guards (D:13)
  A rakshasa (D:13)
  An ogre mage (Orc:2)
  A catoblepas (Lair:1)
  Erica (Lair:2)
  2 centaur warriors (D:14)
  5 two-headed ogres
  11 death yaks
  A deep elf knight (D:13)
  5 orc high priests (Orc:2)
  Nergalle (Lair:3)
  2 deep elf archers
  5 orc knights
  2 lindwurms
  A wizard (D:13)
  5 ugly things
  5 deep elf pyromancers (Volcano)
  15 elephants
  5 cyclopes
  Joseph (D:9)
  4 black mambas
  3 ice statues (IceCv)
  12 cane toads
  A gargoyle (D:12)
  A kobold demonologist (D:12)
  An anaconda simulacrum (IceCv)
  9 komodo dragons
  5 rime drakes
  A freezing wraith (IceCv)
  2 unseen horrors
  A tengu conjurer (D:13)
  A troll (D:9)
  2 ice devils (Lair:5)
  5 slime creatures
  2 polar bears
  3 tyrant leeches (Lair:5)
  3 meliai (D:13)
  Grinder (D:3)
  22 blink frogs
  2 dream sheep (D:9)
  Sigmund (D:3)
  A dire elephant simulacrum (IceCv)
  3 culicivoras (Lair:3)
  3 water elementals (D:13)
  A vampire (D:13)
  40 yaks
  5 wyverns
  8 fire elementals
  6 basilisks
  A hog (shapeshifter) (D:13)
  A death yak simulacrum (IceCv)
  9 vampire mosquitoes
  4 wargs
  Menkaure (D:5)
  Duvessa (D:6)
  An acid dragon (D:8)
  12 water moccasins
  6 hell hounds
  A hydra simulacrum (IceCv)
  36 orc warriors
  An ice beast (D:8)
  A sky beast (D:6)
  2 black bears
  8 ogres
  7 centaurs
  7 wolves
  A phantom (D:5)
  6 kobold brigands
  2 gnoll sergeants
  A scorpion (D:8)
  11 bullfrogs
  A cane toad simulacrum (IceCv)
  5 wights (D:8)
  Dowan (D:6)
  An elephant simulacrum (IceCv)
  14 killer bees
  4 howler monkeys
  5 electric eels
  A hound (D:4)
  A gnoll bouda (D:9)
  5 jellies
  29 orc priests
  An iron imp (D:9)
  Terence (D:2)
  14 orc wizards
  An iguana (D:6)
  A wolf simulacrum (IceCv)
  Robin (D:3)
  14 gnolls
  7 adders
  An ufetubus (D:6)
  A dart slug (D:1)
  3 worms
  84 orcs
  10 endoplasms
  10 giant cockroaches
  14 goblins
  11 hobgoblins
  5 jackals
  22 kobolds
  5 quokkas
  9 ball pythons
  9 bats
  7 frilled lizards
  7 rats
650 creatures vanquished.

Vanquished Creatures (collateral kills)
  A deep elf pyromancer (Volcano)
  Maggie (D:8)
  A fire elemental (Volcano)
  3 orcs (D:3)
6 creatures vanquished.

Vanquished Creatures (others)
  580 foxfires
  26 fungi
  71 plants
677 creatures vanquished.

Grand Total: 1333 creatures vanquished

Notes
Turn   | Place    | Note
-------+----------+-------------------------------------------
     0 | D:1      | freelancePsychic the Barachi Reaver began the quest for the
                  | Orb.
     0 | D:1      | Reached XP level 1. HP: 17/17 MP: 3/3
   196 | D:1      | Reached skill level 1 in Translocations
   200 | D:1      | Reached XP level 2. HP: 11/23 MP: 5/5
   414 | D:1      | Learned a level 2 spell: Momentum Strike
   530 | D:1      | Reached XP level 3. HP: 27/28 MP: 3/6
   559 | D:1      | Found a faded altar of an unknown god.
  1094 | D:2      | Noticed Terence
  1175 | D:2      | Killed Terence
  1176 | D:2      | Reached XP level 4. HP: 24/29 MP: 2/7
  1780 | D:2      | Learned a level 1 spell: Foxfire
  2665 | D:3      | Reached XP level 5. HP: 37/38 MP: 4/8
  2746 | D:3      | Noticed Sigmund
  2756 | D:3      | Gained mutation: You passively dampen the noise of your
                  | surroundings. [potion of mutation]
  2756 | D:3      | Gained mutation: You have supernaturally acute eyesight.
                  | (SInv) [potion of mutation]
  2807 | D:3      | Killed Sigmund
  2808 | D:3      | Reached skill level 3 in Fighting
  2808 | D:3      | Reached skill level 5 in Conjurations
  2808 | D:3      | Reached XP level 6. HP: 17/48 MP: 0/9
  2966 | D:3      | Reached skill level 4 in Fighting
  3654 | D:3      | Noticed Grinder
  3661 | D:3      | Paralysed by Grinder for 2 turns
  3700 | D:3      | Noticed Robin
  3701 | D:3      | Killed Robin
  4053 | D:4      | Reached XP level 7. HP: 54/55 MP: 6/10
  4265 | D:4      | Found a blossoming altar of Fedhas.
  4400 | D:4      | Reached skill level 5 in Fighting
  4499 | D:5      | Entered Level 5 of the Dungeon
  4785 | D:5      | Noticed Menkaure
  4790 | D:5      | Killed Menkaure
  4791 | D:5      | Reached skill level 6 in Fighting
  4791 | D:5      | Reached XP level 8. HP: 56/64 MP: 7/11
  4861 | D:5      | Found Vizytyuv's Antique Armour Shop.
  5089 | D:5      | Reached skill level 5 in Fire Magic
  5223 | D:5      | Found a staircase to the Ecumenical Temple.
  5322 | Temple   | Entered the Ecumenical Temple
  5543 | D:6      | Noticed Duvessa
  5543 | D:6      | Noticed Dowan
  5556 | D:6      | Killed Duvessa
  5557 | D:6      | Reached skill level 1 in Stealth
  5559 | D:6      | Killed Dowan
  5577 | D:6      | Found Hyceyxzacka's Weapon Shop.
  5713 | D:6      | Noticed a +0 dagger
  5715 | D:6      | Found a hide-covered altar of Uskayaw.
  5715 | D:6      | Noticed a +0 dagger
  5832 | D:6      | Found a white marble altar of Elyvilon.
  5834 | D:6      | Found a basalt altar of Yredelemnul.
  5842 | D:6      | Found a shimmering altar of Xom.
  5843 | D:6      | Found a broken altar of Ashenzari.
  5845 | D:6      | Found a glowing silver altar of Zin.
  5846 | D:6      | Found a sacrificial altar of Ru.
  5889 | D:6      | Found a shadowy altar of Dithmenos.
  5890 | D:6      | Found a sparkling altar of Nemelex Xobeh.
  6085 | D:6      | Found a runed translucent door.
  6086 | D:6      | Noticed Crazy Yiuf
  6160 | D:6      | Became a worshipper of Ru the Awakened
  6199 | D:7      | Reached skill level 7 in Fighting
  6258 | D:7      | Reached XP level 9. HP: 67/72 MP: 6/12
  7294 | D:8      | Reached skill level 8 in Fighting
  7363 | D:8      | Noticed a troll
  7364 | D:8      | Noticed a centaur warrior
  7376 | D:8      | Noticed Maggie
  7909 | D:8      | Reached skill level 5 in Stealth
  7968 | D:8      | Reached XP level 10. HP: 68/80 MP: 13/13
  8309 | D:8      | Killed Maggie
  8690 | D:9      | Found a radiant altar of Vehumet.
  8744 | D:9      | Noticed Joseph
  8766 | D:9      | Killed Joseph
  8965 | D:9      | Fell from the grace of Ru
  8965 | D:9      | Became a worshipper of Vehumet
  9204 | D:5      | Bought a shimmering cloak for 266 gold pieces
  9204 | D:5      | Identified the +1 cloak of the Trilobite {Rampage Str+4
                  | Slay+3} (You bought it in a shop on level 5 of the Dungeon)
  9298 | D:9      | Found an iron altar of Okawaru.
  9757 | D:9      | Reached skill level 9 in Fighting
  9970 | D:9      | Found a staircase to the Lair.
 10286 | D:9      | Found a snail-covered altar of Cheibriados.
 10385 | D:9      | Reached skill level 5 in Spellcasting
 10393 | D:9      | Reached skill level 10 in Fighting
 10492 | D:9      | Learned a level 5 spell: Fireball
 10539 | D:10     | Entered Level 10 of the Dungeon
 10563 | D:10     | Reached skill level 1 in Armour
 10563 | D:10     | Reached XP level 11. HP: 83/90 MP: 5/18
 10575 | D:9      | Reached * piety under Vehumet
 10575 | D:9      | Offered knowledge of Shock by Vehumet.
 10614 | D:9      | Reached skill level 10 in Conjurations
 10867 | D:10     | Found a portal to a secret trove of treasure.
 10946 | D:10     | Identified a scroll of acquirement
 10946 | D:10     | Acquired a staff of conjuration
 11699 | D:10     | Learned a level 6 spell: Starburst
 11715 | D:10     | Found an opulent altar of Gozag.
 11880 | D:11     | Noticed a cyclops
 11884 | D:11     | Killed a cyclops
 12054 | D:11     | Offered knowledge of Sandblast by Vehumet.
 12076 | D:11     | Noticed a cyclops
 12089 | D:11     | Killed a cyclops
 12090 | D:11     | Reached skill level 5 in Armour
 12399 | D:11     | Reached ** piety under Vehumet
 12671 | Lair:1   | Entered Level 1 of the Lair of Beasts
 12690 | Lair:1   | Reached skill level 1 in Shields
 12786 | Lair:1   | Reached skill level 10 in Fire Magic
 12824 | Lair:1   | Noticed a catoblepas
 12844 | Lair:1   | Killed a catoblepas
 12966 | Lair:1   | Found a dark tunnel.
 12966 | Lair:1   | Noticed a lindwurm
 12973 | Volcano  | Entered a volcano
 12997 | Volcano  | Reached XP level 12. HP: 28/97 MP: 19/19
 13505 | Volcano  | Reached skill level 5 in Shields
 13514 | Volcano  | Offered knowledge of Scorch by Vehumet.
 13862 | Volcano  | Identified the +1 pair of gloves of Unambiguity {Str+3
                  | Int+3}
 14175 | D:5      | Bought a buckler for 126 gold pieces
 14379 | Lair:1   | Reached *** piety under Vehumet
 14971 | Lair:1   | Upgraded the game from 0.30-a0-528-g8c47a4955b to
                  | 0.30-a0-534-gdc55766716
 15425 | Lair:2   | Noticed Erica
 15429 | Lair:2   | Killed Erica
 15430 | Lair:2   | Reached skill level 11 in Fighting
 15772 | Lair:3   | Offered knowledge of Iskenderun's Mystic Blast by Vehumet.
 15783 | Lair:3   | Learned a level 4 spell: Iskenderun's Mystic Blast
 15823 | Lair:3   | Gained mutation: You can hop long distances. [Barachi
                  | growth]
 15823 | Lair:3   | Reached XP level 13. HP: 106/106 MP: 12/22
 15979 | Lair:3   | Noticed Nergalle
 16245 | Lair:3   | Found a hole to the Spider Nest.
 16260 | Lair:3   | Killed Nergalle
 16261 | Lair:3   | Reached skill level 12 in Fighting
 16364 | Lair:3   | Found a staircase to the Shoals.
 16369 | Lair:3   | Identified the +1 scale mail of a bazaar {rCorr}
 17029 | Lair:4   | Found a runed translucent door.
 17198 | Lair:4   | Reached **** piety under Vehumet
 17367 | Lair:4   | Offered knowledge of Sticky Flame by Vehumet.
 17373 | Lair:4   | Reached skill level 10 in Armour
 18021 | Lair:5   | Entered Level 5 of the Lair of Beasts
 18073 | Lair:5   | Reached skill level 5 in Dodging
 18074 | Lair:5   | Found a staircase to the Slime Pits.
 18080 | Lair:5   | Reached XP level 14. HP: 100/115 MP: 22/26
 18158 | Lair:5   | Found a frozen archway.
 18161 | Lair:5   | Reached ***** piety under Vehumet
 18161 | Lair:5   | Offered knowledge of Flame Wave by Vehumet.
 18172 | IceCv    | Entered an ice cave
 18297 | IceCv    | Acquired the +11 dagger "Esuratot" {holy, rF+ rCorr Int+4
                  | Dex+3}
 18312 | IceCv    | Identified the +2 robe of Imperfection {rC+}
 18409 | IceCv    | Found the macabre finger necklace {rN+}
 18700 | Lair:5   | Reached skill level 10 in Dodging
 19360 | Lair:5   | Acquired a staff of fire
 19750 | D:12     | Found a staircase to the Orcish Mines.
 19768 | D:12     | Identified the +8 war axe of Nawoc {drain, Contam rN+++
                  | Str+3 Int+2}
 20007 | D:12     | Found a broken altar of Ashenzari.
 20489 | D:3      | Killed Grinder
 20681 | Orc:1    | Entered Level 1 of the Orcish Mines
 20833 | Orc:1    | Reached skill level 13 in Fighting
 21064 | Orc:2    | Entered Level 2 of the Orcish Mines
 21097 | Orc:2    | Offered knowledge of Iron Shot by Vehumet.
 21245 | Orc:2    | Noticed Azrael
 21283 | Orc:2    | Reached XP level 15. HP: 46/124 MP: 3/27
 21295 | Orc:2    | Reached skill level 1 in Earth Magic
 21669 | Orc:2    | Learned a level 6 spell: Iron Shot
 21808 | Orc:2    | Found a staircase to the Elven Halls.
 22065 | Orc:2    | Killed Azrael
 22078 | Orc:2    | Offered knowledge of Iskenderun's Battlesphere by Vehumet.
 22220 | Orc:2    | Found Buqec's Jewellery Emporium.
 22222 | Orc:2    | Found Jeik's Jewellery Shoppe.
 22222 | Orc:2    | Found Zyomipt's Antique Weapon Emporium.
 22223 | Orc:2    | Found Kuvaif's Assorted Antiques.
 22521 | D:5      | Bought a runed tower shield for 210 gold pieces
 22959 | D:12     | Reached skill level 14 in Fighting
 23851 | D:13     | Noticed Erolcha
 24128 | D:13     | Found a gate to the Vaults.
 24553 | D:14     | Noticed Louise
 24838 | D:14     | Noticed Snorg
 24879 | D:14     | Noticed Jorgrun
 24903 | D:14     | HP: 9/190 [yak (shapeshifter) (10)]
 24908 | D:14     | HP: 5/190 [Jorgrun/+0 vorpal quarterstaff (6)]
 24908 | D:14     | HP: 2/190 [yak (shapeshifter) (2)]
 24911 | D:14     | Constricted to death by Jorgrun

Illustrated notes

Levels and vault maps discovered:
D:1:      minmay_arrival_solitary_statue, layout_loops_ring,
          hellmonk_ecumenical_altar_blasted, columned_hall_lemuel, st_stairs_10
D:2:      layout_rooms, serial_co_window_serial, co_window_paths_a,
          co_window_of_opportunity_a, co_window_corner_a,
          co_window_of_opportunity_a, co_window_of_opportunity_a,
          co_window_corner_a, co_window_corner_a, co_window_corner_b,
          co_window_2corner, co_window_of_opportunity_b,
          co_window_of_opportunity_c, co_window_unsneaky_path_e,
          glass_columns_b, uniq_terence
D:3:      minmay_chambers_of_threes, layout_basic, uniq_sigmund, uniq_grinder,
          uniq_robin
D:4:      layout_basic, fedhas_ov_isle_minmay, minmay_misc_feat_cross,
          st_stairs_3
D:5:      layout_loops_cross, temple_hall, serial_shops,
          nicolae_shop_overgrown_old_shop, uniq_menkaure
D:6:      layout_cave_pools, dancing_weapons_uskayaw,
          nicolae_overflow_hallway_of_the_gods, serial_column_ruins,
          column_ruins_grid_5, column_ruins_open_tiny, column_ruins_grid_3,
          column_ruins_grid_2, column_ruins_open_small, serial_shops,
          nicolae_shop_bloodbath_and_beyond, uniq_crazy_yiuf_cottage,
          uniq_duvessa
D:7:      layout_loops_ring
D:8:      layout_basic, minivault_11, st_stairs_12, lightli_corner_chamber,
          uniq_maggie
D:9:      layout_loops_ring, slow_altar_2, okawaru_ov_weapons_minmay,
          nicolae_vehumet_radiance, lair_entry_dummy, hangedman_ranch,
          uniq_joseph
D:10:     layout_gridville, lemuel_round_altar, enter_trove_6, corner_web_ring
D:11:     layout_cross
D:12:     layout_roguey, minmay_orc_entry_temple_small,
          ashenzari_conservatory_becter
D:13:     layout_rooms, grunt_vaults_entry_fortified, kennysheep_boxes,
          uniq_erolcha
D:14:     layout_loops_ring, palyth_stone_intersect, uniq_snorg, uniq_louise,
          uniq_jorgrun, uniq_agnes
Temple:   nicolae_temple_bog_church
Lair:1:   layout_regular_city, nicolae_volcano_entry_vermiform
Lair:2:   layout_long_grid, uniq_erica
Lair:3:   layout_regular_city, shoals_dummy_entry,
          hellmonk_spider_entry_life_and_decay, uniq_nergalle
Lair:4:   layout_concentric_octagons, chequers_serial_rivers_room_b,
          st_stairs_10, chequers_serial_rivers_micro_c, ldierk_geyser,
          pf_torpor_hydra, serial_bayou_shore_b
Lair:5:   minmay_lair_end_frog_pond, layout_regular_city,
          minmay_slime_entry_pillars, portal_ice_cave_demonic_guard
Orc:1:    layout_caves
Orc:2:    st_orc_pillars, layout_diamond_mine, uniq_azrael

Skill      XL: |  1  2  3  4  5  6  7  8  9 10 11 12 13 14 15 |
---------------+----------------------------------------------+-----
Translocations | 1 2 |  2.9
Conjurations   | 4 5 6 7 9 11 12 13 | 13.3
Fighting       | 3 4 6 7 8 10 11 12 13 14 | 14.5
Fire Magic     | 2 3 4 6 7 8 10 12 | 12.6
Stealth        | 2 5 6 |  6.0
Spellcasting   | 5 6 8 |  8.0
Armour         | 1 5 10 | 10.1
Shields        | 3 5 8 9 |  9.9
Dodging        | 6 10 | 10.6
Earth Magic    | 3 |  3.0
Polearms       | |  3.0

Action                   |  1- 3 |  4- 6 |  7- 9 | 10-12 | 13-15 || total
-------------------------+-------+-------+-------+-------+-------++-------
Melee: Spear             |    95 |    69 |       |       |    42 ||   206
       Punch             |     3 |     1 |     1 |     4 |       ||     9
       Trident           |       |    14 |   165 |   261 |       ||   440
       Staff             |       |       |       |   104 |   178 ||   282
 Cast: Momentum Strike   |    13 |    29 |    17 |    10 |       ||    69
       Kiss of Death     |     2 |       |     1 |       |       ||     3
       Foxfire           |       |    68 |   183 |    99 |     1 ||   351
       Fireball          |       |       |       |   108 |   132 ||   240
       Starburst         |       |       |       |    15 |   165 ||   180
       Iskenderun's Myst |       |       |       |       |     5 ||     5
       Iron Shot         |       |       |       |       |     3 ||     3
 Abil: Hop               |     1 |     2 |     5 |    10 |     9 ||    27
Evoke: Tin of tremorston |       |       |       |       |     2 ||     2
  Use: Scroll            |     1 |     4 |     8 |    15 |    13 ||    41
       Potion            |     1 |     3 |     1 |     6 |     7 ||    18
 Stab: Sleeping          |       |       |     2 |     1 |     5 ||     8
Armor: Leather armour    |    18 |    29 |   101 |     7 |       ||   155
       Acid dragon scale |       |       |    24 |   243 |   167 ||   434
Dodge: Dodged            |    42 |    70 |   188 |   265 |   206 ||   771
Block: Buckler           |       |       |       |    11 |    50 ||    61
       Kite shield       |       |       |       |       |    79 ||    79

Table legend: (Time is in decaauts)
 A = Elapsed time spent in this place.
 B = Non-inter-level travel time spent in this place.
 C = Inter-level travel time spent in this place.
 D = Time resting spent in this place.
 E = Time spent auto-exploring this place.
 F = Levels seen in this place.
 G = Mean time per level.
                   A        B        C        D        E       F      G
               +--------+--------+--------+--------+--------+-----+--------+
         Total |  27778 |  24456 |   3322 |   1533 |  18196 |  24 | 1157.4 |
       Dungeon |  18220 |  15460 |   2760 |   1265 |  11422 |  14 | 1301.4 |
        Temple |    234 |    204 |     30 |      0 |    194 |   1 |  234.0 |
          Lair |   6125 |   5666 |    459 |     17 |   4478 |   5 | 1225.0 |
  Orcish Mines |   1874 |   1802 |     72 |     18 |   1385 |   2 |  937.0 |
      Ice Cave |    307 |    307 |      0 |     39 |    141 |   1 |  307.0 |
       Volcano |   1015 |   1015 |      0 |    194 |    574 |   1 | 1015.0 |
               +--------+--------+--------+--------+--------+-----+--------+

Top non-repeatable levels by time:
     D:9: 2518 daAuts
     D:3: 1919 daAuts
     D:8: 1800 daAuts
  Lair:3: 1523 daAuts
     D:7: 1481 daAuts
   Orc:2: 1427 daAuts
     D:2: 1391 daAuts
     D:5: 1366 daAuts
  Lair:1: 1337 daAuts
  Lair:5: 1313 daAuts
    D:12: 1279 daAuts
    D:10: 1224 daAuts
  Lair:4: 1143 daAuts
    D:13: 1099 daAuts
     D:1: 1097 daAuts
